 Dungeon Crawl Stone Soup version 0.26-a0-21-gf97e55dc39 (webtiles) character file.

Game seed: 3570642719838724882, levelgen mode: deterministic

33836 vurker the Brawler (level 13, -3/133 HPs)
             Began as a Troll Chaos Knight on May 26, 2020.
             Was a Plaything of Xom.
             Slain by a 13-headed hydra (7 damage)
             ... on level 3 of the Lair of Beasts.
             The game lasted 00:36:21 (14244 turns).

vurker the Brawler (Troll Chaos Knight)            Turns: 14244, Time: 00:36:23

Health: -3/133     AC:  7    Str: 25    XL:     13   Next: 38%
Magic:  15/15      EV:  8    Int:  8    God:    Xom [....*.]
Gold:   566        SH: 18    Dex: 14    Spells: 12/12 levels left

rFire    + + .     SeeInvis .     - Unarmed
rCold    . . .     Gourm    +   x - +1 tower shield
rNeg     . . .     Faith    .   w - +0 acid dragon scales
rPois    +         Spirit   .   (helmet restricted)
rElec    +         Reflect  .   j - scarf {repulsion}
rCorr    +         Harm     .   (gloves unavailable)
MR       +....     Clarity  +   (boots unavailable)
Stlth    +.........             H - amulet of Xom's Flight of Fancy {Acrobat rPois Dex+3}
HPRegen  0.72/turn              D - ring of protection from magic
MPRegen  0.14/turn              B - ring of protection from fire

@: repel missiles
A: large, unfitting armour, claws 3, hooves 1, agile 1, clarity, deformed body,
fire resistance 1, fast metabolism 3, gourmand, mutation resistance 1,
regeneration 1, screaming 1, shaggy fur 1, electricity resistance, tough skin 3,
weak 1
a: Renounce Religion


You were on level 3 of the Lair of Beasts.
You worshipped Xom.
You were a beloved toy of Xom.
You were completely stuffed.

You visited 2 branches of the dungeon, and saw 14 of its levels.
You also visited: Ossuary and Bailey.

You collected 1138 gold pieces.
You spent 572 gold pieces at shops.

Inventory:

Missiles
 m - a curare-tipped dart (quivered)
 o - 5 silver javelins
 s - 7 javelins
 A - 40 poisoned darts
Armour
 j - a scarf of repulsion (worn)
   (Xom gifted it to you on level 1 of the Dungeon)
 w - +0 acid dragon scales (worn)
   (You took it off Maggie on level 9 of the Dungeon)
 x - a +1 tower shield (worn)
   (You bought it in a shop on level 4 of the Dungeon)
Jewellery
 r - an uncursed amulet of reflection
   (You found it on level 2 of the Dungeon)
 B - a ring of protection from fire (right claw)
   (You found it on level 8 of the Dungeon)
 D - a ring of protection from magic (left claw)
   (You bought it in a shop on level 9 of the Dungeon)
 F - an uncursed ring of protection from magic
   (You found it on level 9 of the Dungeon)
 H - the amulet of Xom's Flight of Fancy (around neck) {Acrobat rPois Dex+3}
   (You bought it in a shop on level 10 of the Dungeon)

   [amulet of the acrobat]

   It helps you evade while moving and waiting.
   It affects your dexterity (+3).
   It protects you from poison.
Wands
 t - a wand of flame (22)
   (You found it on level 3 of the Lair of Beasts)
 u - a wand of paralysis (16)
   (You found it on level 7 of the Dungeon)
 v - a wand of digging (6)
   (You found it on level 3 of the Lair of Beasts)
 y - a wand of enslavement (25)
   (You found it on level 4 of the Dungeon)
 C - a wand of polymorph (18)
   (You found it on level 5 of the Dungeon)
Scrolls
 c - 4 scrolls of identify
 d - a scroll of fog
 f - 8 scrolls of teleportation
 i - 4 scrolls of blinking
 k - 2 scrolls of enchant armour
 n - 10 scrolls of remove curse
 p - a scroll of summoning
 E - 2 scrolls of magic mapping
 I - 3 scrolls of immolation
Potions
 a - 5 potions of lignification
 b - 2 potions of ambrosia
 g - 4 potions of heal wounds
 h - 3 potions of resistance
 l - 3 potions of might
 q - 3 potions of haste
 z - 5 potions of flight
 J - 8 potions of curing
Comestibles
 e - 40 rations
 G - 5 chunks of flesh


   Skills:
 + Level 10.0 Fighting
 - Level 1.9 Dodging
 + Level 8.7 Shields
 * Level 15.6 Unarmed Combat
 - Level 5.0 Evocations


You had 12 spell levels left.
You didn't know any spells.
Your spell library contained the following spells:

 Spells                   Type           Power        Failure   Level  Hunger
 Freeze                   Ice            #...         91%         1    ##.....
 Magic Dart               Conj           #...         91%         1    ##.....
 Blink                    Tloc           N/A          97%         2    ###....
 Call Imp                 Summ           #.......     97%         2    ###....
 Slow                     Hex            #.......     97%         2    ###....
 Conjure Flame            Conj/Fire      #.......     99%         3    ####...
 Frozen Ramparts          Ice            #.....       99%         3    ####...
 Mephitic Cloud           Conj/Pois/Air  #.......     99%         3    ####...
 Ozocubu's Armour         Chrm/Ice       #.......     99%         3    ####...
 Hailstorm                Conj/Ice       #.......     100%        4    #####..
 Summon Ice Beast         Ice/Summ       #.......     100%        4    #####..


Dungeon Overview and Level Annotations

Branches:
Dungeon (11/15)            Temple (0/1) D:4            Lair (3/6) D:9
 Spider (0/4) Lair:3          Orc (0/2) D:10        Ossuary (visited)
 Bailey (visited)
  Swamp: Lair:2-4    Shoals: Lair:2-4

Altars:
Fedhas
Kikubaaqudgha
Makhleb
Nemelex Xobeh
Okawaru
Sif Muna
Trog
Uskayaw
Xom

Shops:
D:4 [   D:6 !   D:9 =   D:10 *   D:11 :%!*?

Annotations:
D:7 4 runed translucent doors


Innate Abilities, Weirdness & Mutations

You are too large for most types of armour.
You have claws for hands.
Your metabolism is lightning-fast.
You like to eat raw meat.
Your natural rate of healing is unusually fast.
You are covered in fur. (AC +1)
You have extremely tough skin. (AC +3)
You have large cloven feet.
You are agile. (Dex +2)
You possess an exceptional clarity of mind.
Armour fits poorly on your strangely shaped body.
Your flesh is heat resistant. (rF+)
You are somewhat resistant to further mutation.
You occasionally shout uncontrollably at your foes.
You are resistant to electric shocks. (rElec)
You are weak. (Str -2)


Message History

The ten-headed hydra bites you but does no damage.
You block the ten-headed hydra's attack.
The ten-headed hydra completely misses you.
You block the ten-headed hydra's attack. x2
The ten-headed hydra bites you.
The ten-headed hydra bites you but does no damage.
You claw one of the ten-headed hydra's heads off!
The nine-headed hydra grows two more!
You mangle the 11-headed hydra!!
You kick the 11-headed hydra, but do no damage.
You tear one of the 11-headed hydra's heads off!
The ten-headed hydra grows two more!
You mangle the 12-headed hydra!! You block the 12-headed hydra's attack.
The 12-headed hydra bites you. The 12-headed hydra bites you!
The 12-headed hydra bites you but does no damage.
The 12-headed hydra bites you. x2; The 12-headed hydra closely misses you.
The 12-headed hydra bites you!
* * * LOW HITPOINT WARNING * * *
You block the 12-headed hydra's attack. The 12-headed hydra bites you!
* * * LOW HITPOINT WARNING * * *
You block the 12-headed hydra's attack.
The 12-headed hydra bites you but does no damage.
Unknown command.
Your shield prevents you from hitting the 12-headed hydra.
You kick the 12-headed hydra, but do no damage.
The 12-headed hydra bites you.
* * * LOW HITPOINT WARNING * * *
You block the 12-headed hydra's attack. The 12-headed hydra closely misses you.
You block the 12-headed hydra's attack. The 12-headed hydra bites you!
* * * LOW HITPOINT WARNING * * *
The 12-headed hydra bites you!
* * * LOW HITPOINT WARNING * * *
The 12-headed hydra bites you!
* * * LOW HITPOINT WARNING * * *
You block the 12-headed hydra's attack. The 12-headed hydra bites you.
* * * LOW HITPOINT WARNING * * *
The 12-headed hydra bites you but does no damage.
The 12-headed hydra bites you.
* * * LOW HITPOINT WARNING * * *
The 12-headed hydra bites you!
* * * LOW HITPOINT WARNING * * *
Unknown command.
Unknown command.
Okay, then.
You rip one of the 12-headed hydra's heads off!
The 11-headed hydra grows two more!
You claw the 13-headed hydra! You kick the 13-headed hydra.
The black mamba bites you but does no damage.
The 13-headed hydra bites you!
You die...
Xom chortles!

#...P# #...#########.
##...#####...##.#P##.#
##......#.#........÷... .#
##......#............#.#
...........................
#.P.##..................#.#
...............###....##>..
.........S.....# ##...###.#
#.#(.†.D@....###...## #.#
........###.....###..# ###
##.###..# ###..÷.....# ####
##.# ##.......###.## ###
###.............
#.#..#..P#......
##..............
##..........P..
#...##...##.#..


You could see a 13-headed hydra and a black mamba.

Vanquished Creatures
  An entropy weaver (D:11)
  4 hydras
  A catoblepas (Lair:2)
  A two-headed ogre (D:11)
  3 death yaks (Lair:3)
  Urug (Lair:1)
  A wizard (D:10)
  An unseen horror (Lair:1)
  5 deep elf magi
  A manticore (D:11)
  Maurice (D:9)
  A guardian serpent (Lair:1)
  7 spiny frogs
  2 black mambas (Lair:1)
  2 torpor snails (Lair:3)
  Maggie (D:9)
  2 komodo dragons
  A rime drake (D:5)
  A merfolk (Lair:1)
  3 polar bears
  13 blink frogs
  A raiju (Lair:3)
  5 hippogriffs
  3 slime creatures (D:11)
  Prince Ribbit (Lair:3)
  A spriggan (D:8)
  19 yaks
  Sigmund (D:4)
  A wyvern (D:8)
  2 basilisks (Lair:2)
  3 wargs (D:9)
  Menkaure (D:4)
  7 porcupines
  8 water moccasins
  An eye of draining (D:11)
  An orc warrior (D:11)
  2 sky beasts
  4 ice beasts
  2 black bears
  3 ogres
  2 phantoms
  A necrophage (D:10)
  4 wolves
  8 centaurs
  11 crocodiles
  3 big kobolds
  10 bullfrogs
  A wyvern zombie (D:11)
  4 scorpions
  4 killer bees (D:9)
  4 wights (D:10)
  2 howler monkeys
  3 electric eels
  5 crimson imps
  5 hounds
  4 bullfrog zombies
  A centaur zombie (D:6)
  2 jellies
  A wyvern simulacrum (D:11)
  2 bullfrog skeletons
  13 orc priests
  15 orc wizards
  3 iguanas
  10 worker ants
  8 mummies (Ossuary)
  A worker ant zombie (D:7)
  Robin (D:2)
  14 adders
  A gnoll (D:3)
  A hound simulacrum (D:11)
  A shadow imp (D:11)
  3 white imps (D:11)
  A worker ant simulacrum (D:11)
  An ufetubus (D:11)
  An ooze (D:5)
  2 adder skeletons
  7 worms
  2 dart slugs
  4 leopard geckos
  45 orcs
  2 ball pythons
  4 giant cockroaches
  2 gnoll zombies (Ossuary)
  18 goblins
  9 hobgoblins
  7 jackals
  3 quokkas
  3 bats
  6 frilled lizards
  2 hobgoblin zombies (Ossuary)
  16 kobolds
  2 kobold zombies (Ossuary)
  3 leopard gecko skeletons
  2 orc zombies (Ossuary)
  2 quokka skeletons
  9 rats
420 creatures vanquished.

Vanquished Creatures (collateral kills)
  A wizard (D:10)
  An efreet (D:10)
  2 blink frogs (Lair:3)
  A water moccasin (Lair:3)
  An orc warrior (D:11)
  An ogre (D:6)
  A bullfrog (D:6)
  4 wights (D:6)
  A crimson imp (D:6)
  A bullfrog skeleton (D:6)
  3 orc wizards
  2 worker ants (D:6)
  A worker ant simulacrum (D:11)
  3 orcs
23 creatures vanquished.

Vanquished Creatures (others)
  A deep elf mage (Bailey)
  A yak (Lair:3)
  An orc wizard (D:11)
  3 gnolls (D:3)
  A worm (D:3)
  6 orcs
  A jackal (D:11)
  2 fungi (Lair:3)
  4 plants (Lair:3)
20 creatures vanquished.

Grand Total: 463 creatures vanquished

Notes
Turn   | Place    | Note
-------+----------+-------------------------------------------
     0 | D:1      | vurker the Troll Chaos Knight began the quest for the Orb.
     0 | D:1      | Reached XP level 1. HP: 22/22 MP: 0/0
    21 | D:1      | XOM: silly message
    97 | D:1      | XOM: divination: magic mapping
   102 | D:1      | Reached XP level 2. HP: 29/29 MP: 1/1
   251 | D:1      | XOM: god gift: runed scarf {god gift}
   813 | D:2      | XOM: 2-stop teleportation journey
   876 | D:2      | Reached XP level 3. HP: 28/36 MP: 2/2
   903 | D:2      | Reached skill level 4 in Unarmed Combat
   921 | D:2      | Noticed Robin
   974 | D:2      | XOM: enchant monster (bad)
   997 | D:2      | XOM: smoke on damage
   998 | D:2      | Killed Robin
  1041 | D:2      | Reached XP level 4. HP: 45/45 MP: 3/3
  1153 | D:2      | XOM: 5-stop teleportation journey
  1530 | D:3      | XOM: confusion (+ monsters)
  1537 | D:3      | XOM: destruction
  1627 | D:3      | Reached skill level 5 in Unarmed Combat
  1666 | D:3      | Reached XP level 5. HP: 53/53 MP: 4/4
  1808 | D:3      | Found a shimmering blue altar of Sif Muna.
  1810 | D:3      | Found a hide-covered altar of Uskayaw.
  1811 | D:3      | Found an ancient bone altar of Kikubaaqudgha.
  1812 | D:3      | Found a burning altar of Makhleb.
  1812 | D:3      | Found an iron altar of Okawaru.
  1817 | D:3      | Found a blossoming altar of Fedhas.
  2031 | D:3      | XOM: give mutation
  2031 | D:3      | Gained mutation: You are agile. (Dex +2) [Xom's grace]
  2111 | D:3      | XOM: god gift: 38 gold pieces
  2281 | D:3      | XOM is BORED!
  2432 | D:3      | XOM: summons 4 friendly demons
  2624 | D:4      | Noticed Sigmund
  2632 | D:4      | Killed Sigmund
  2632 | D:4      | Reached skill level 6 in Unarmed Combat
  2632 | D:4      | Reached XP level 6. HP: 62/62 MP: 5/5
  2701 | D:4      | XOM: give mutations
  2701 | D:4      | Gained mutation: You are resistant to electric shocks.
                  | (rElec) [Xom's grace]
  2701 | D:4      | Gained mutation: Your flesh is heat resistant. (rF+) [Xom's
                  | grace]
  2701 | D:4      | Gained mutation: You have large cloven feet. [Xom's grace]
  2732 | D:4      | XOM: butterfly on damage
  2734 | D:4      | XOM: destruction
  2836 | D:4      | Reached XP level 7. HP: 70/70 MP: 6/6
  2874 | D:4      | XOM: cloud trail
  2899 | D:4      | Reached skill level 7 in Unarmed Combat
  2923 | D:4      | XOM: confusion (+ monsters)
  2939 | D:4      | Found a staircase to the Ecumenical Temple.
  3082 | D:4      | XOM: give mutations
  3082 | D:4      | Gained mutation: You are dopey. (Int -2) [Xom's mischief]
  3082 | D:4      | Lost mutation: You are dopey. (Int -2) [Xom's mischief]
  3082 | D:4      | Gained mutation: You are weak. (Str -2) [Xom's mischief]
  3082 | D:4      | Gained mutation: You occasionally shout uncontrollably at
                  | your foes. [Xom's mischief]
  3142 | D:4      | Noticed Menkaure
  3152 | D:4      | Killed Menkaure
  3160 | D:4      | XOM: 1-stop teleportation journey
  3199 | D:4      | Found Qenuchob's Antique Armour Shop.
  3215 | D:4      | Bought a tower shield for 72 gold pieces
  3359 | D:5      | Entered Level 5 of the Dungeon
  3372 | D:5      | Noticed a rime drake
  3372 | D:5      | an ice beast changed into a rime drake
  3372 | D:5      | XOM: polymorph ice beast -> rime drake
  3377 | D:5      | Killed a rime drake
  3377 | D:5      | Reached skill level 5 in Fighting
  3377 | D:5      | Reached skill level 1 in Shields
  3377 | D:5      | Reached skill level 8 in Unarmed Combat
  3377 | D:5      | Reached XP level 8. HP: 77/80 MP: 7/7
  3674 | D:5      | XOM: noise
  3698 | D:5      | XOM: swap monsters
  3802 | D:5      | XOM: 7-stop teleportation journey
  3813 | D:5      | XOM: repel stairs
  3818 | D:5      | Reached skill level 9 in Unarmed Combat
  3983 | D:5      | XOM: stat loss: -1 Dex (10/11)
  4238 | D:6      | XOM: summons 4 hostile shadow creatures
  4280 | D:6      | XOM: chaos upgrade
  4297 | D:6      | XOM: 1-stop teleportation journey
  4343 | D:6      | XOM: polymorph orc wizard -> worker ant
  4344 | D:6      | Reached XP level 9. HP: 89/89 MP: 8/8
  4510 | D:6      | Found a sparkling altar of Nemelex Xobeh.
  4537 | D:6      | Found Nutzes's Distillery.
  4634 | D:6      | XOM is BORED!
  4634 | D:6      | XOM: stat loss: -1 Int (13/14)
  4686 | D:6      | Reached skill level 10 in Unarmed Combat
  4817 | D:7      | Found a sand-covered staircase.
  4822 | Ossuary  | Entered an ossuary
  4845 | Ossuary  | XOM: potion effect (might)
  5134 | D:7      | Found a huge runed translucent gate.
  5134 | D:7      | Found a huge runed translucent gate.
  5134 | D:7      | Found a huge runed translucent gate.
  5134 | D:7      | Found a huge runed translucent gate.
  5134 | D:7      | Noticed a polar bear
  5134 | D:7      | Noticed a polar bear
  5134 | D:7      | Noticed a polar bear
  5134 | D:7      | Noticed a polar bear
  5134 | D:7      | Noticed a polar bear
  5134 | D:7      | Noticed a polar bear
  5134 | D:7      | Noticed a polar bear
  5134 | D:7      | Noticed a polar bear
  5384 | D:7      | Identified the cursed ring "Wadocs" {rElec AC-4 Str+4}
  5385 | D:7      | XOM: noise
  6201 | D:8      | Found a flagged portal.
  6220 | D:8      | Reached skill level 11 in Unarmed Combat
  6241 | Bailey   | Entered a bailey
  6259 | Bailey   | Noticed a deep elf mage
  6268 | Bailey   | Killed a deep elf mage
  6268 | Bailey   | Reached XP level 10. HP: 94/100 MP: 9/9
  6285 | Bailey   | Noticed a deep elf mage
  6286 | Bailey   | Noticed a deep elf mage
  6286 | Bailey   | Noticed a deep elf mage
  6286 | Bailey   | Noticed a deep elf mage
  6286 | Bailey   | Noticed a deep elf mage
  6286 | Bailey   | Noticed a deep elf mage
  6287 | Bailey   | XOM: divination: detect items
  6289 | Bailey   | Noticed a mana viper
  6289 | Bailey   | a redback changed into a mana viper
  6289 | Bailey   | XOM: polymorph redback -> mana viper
  6296 | Bailey   | Killed a deep elf mage
  6297 | Bailey   | Killed a deep elf mage
  6297 | Bailey   | Reached skill level 5 in Shields
  6302 | Bailey   | Killed a deep elf mage
  6304 | Bailey   | XOM: cast spell 'Call Canine Familiar'
  6305 | Bailey   | XOM: cast spell 'Shadow Creatures'
  6307 | Bailey   | Killed a deep elf mage
  6309 | Bailey   | Noticed a swamp dragon
  6309 | Bailey   | a deep elf mage changed into a swamp dragon
  6309 | Bailey   | XOM: polymorph deep elf mage -> swamp dragon
  6319 | D:8      | XOM: summons 2 friendly demons
  6322 | D:8      | Killed a deep elf mage
  6553 | D:8      | XOM: scenery: create altars
  6662 | D:8      | Reached skill level 12 in Unarmed Combat
  7121 | D:8      | XOM: give mutations
  7121 | D:8      | Lost mutation: You are weak. (Str -2) [Xom's mischief]
  7121 | D:8      | Gained mutation: You are frail. (-10% HP) [Xom's mischief]
  7526 | D:9      | Found Pohahisk's Jewellery Shop.
  7546 | D:9      | Bought an uncursed ring of protection from magic for 325
                  | gold pieces
  7651 | D:9      | XOM: summons 2 friendly demons
  7664 | D:9      | Reached skill level 1 in Evocations
  7748 | D:9      | Found a staircase to the Lair.
  7823 | D:9      | Noticed Maggie
  7831 | D:9      | Killed Maggie
  7908 | D:9      | Noticed Maurice
  7923 | D:9      | Killed Maurice
  7923 | D:9      | Reached XP level 11. HP: 99/99 MP: 11/11
  8101 | D:9      | Found a bloodstained altar of Trog.
  8321 | D:9      | XOM: torment (51/99 hp)
  8588 | D:10     | Entered Level 10 of the Dungeon
  8729 | D:10     | Noticed a wizard
  8734 | D:10     | Killed a wizard
  8765 | D:10     | XOM: god gift: 27 gold pieces
  8819 | D:10     | XOM: blink monster(s)
  8831 | D:10     | XOM: noise
  8978 | D:10     | XOM: destruction
  9090 | D:10     | Found a staircase to the Orcish Mines.
  9108 | D:10     | Found Ziubload's Assorted Antiques.
  9113 | D:10     | Bought a heavily runed ruby amulet for 145 gold pieces
  9113 | D:10     | Identified the amulet of Xom's Flight of Fancy {Acrobat
                  | rPois Dex+3} (You bought it in a shop on level 10 of the
                  | Dungeon)
  9253 | D:10     | Noticed a wizard
  9259 | D:10     | Killed a wizard
  9468 | D:11     | Noticed a death yak
  9468 | D:11     | Noticed an entropy weaver
  9468 | D:11     | a death yak changed into an entropy weaver
  9468 | D:11     | XOM: polymorph death yak -> entropy weaver
  9473 | D:11     | XOM: divine lightning
  9491 | D:11     | Found Uneskeug's Distillery.
  9563 | D:11     | Killed an entropy weaver
  9563 | D:11     | Reached skill level 13 in Unarmed Combat
  9571 | D:11     | XOM: enchant monster (good)
  9736 | D:11     | Found Oratte's Magic Scroll Emporium.
  9749 | D:11     | XOM: scenery: create altars
  9755 | D:11     | Found Mosa's Assorted Antiques.
  9761 | D:11     | Bought a scroll labeled NYBLIU JATIR for 30 gold pieces
  9806 | D:11     | XOM: scenery: create altars
  9807 | D:11     | XOM: 6-stop teleportation journey
  9838 | D:11     | XOM: divination: magic mapping
  9880 | D:11     | XOM: summons 5 friendly demons
  9899 | D:11     | Found Yrufon's Book Shop.
  9935 | D:11     | Found Cala's Food Shop.
  9959 | D:11     | Noticed a five-headed hydra
  9962 | D:11     | XOM: summons friendly ufetubus
  9974 | D:11     | XOM: chaos cloud
  9988 | D:11     | XOM: confuse monster(s)
  9989 | D:11     | XOM: noise
 10011 | D:11     | Killed a nine-headed hydra
 10280 | D:11     | Noticed a two-headed ogre
 10289 | D:11     | XOM: swap monsters
 10315 | D:11     | Killed a two-headed ogre
 10315 | D:11     | Reached XP level 12. HP: 50/109 MP: 13/13
 10327 | D:11     | XOM: confusion
 10688 | Lair:1   | Entered Level 1 of the Lair of Beasts
 10743 | Lair:1   | Noticed a four-headed hydra
 10746 | Lair:1   | Noticed Urug
 10747 | Lair:1   | XOM: blink monster(s)
 10767 | D:9      | Killed a six-headed hydra
 10811 | Lair:1   | XOM: swap monsters
 10814 | Lair:1   | XOM: repel stairs
 10816 | Lair:1   | Reached skill level 14 in Unarmed Combat
 10825 | Lair:1   | Killed Urug
 10957 | Lair:1   | XOM: polymorph blink frog -> something unseen
 10961 | Lair:1   | XOM: summons 7 hostile demons
 11147 | Lair:1   | XOM: swap monsters
 11200 | Lair:1   | XOM: blink monster(s)
 11213 | Lair:1   | XOM: confusion (+ monsters)
 11215 | Lair:1   | XOM: polymorph blink frog -> harpy
 11219 | Lair:1   | XOM: polymorph harpy -> guardian serpent
 11224 | Lair:1   | XOM: fake destruction
 11425 | Lair:1   | XOM: give mutations
 11425 | Lair:1   | Gained mutation: You are dopey. (Int -2) [Xom's mischief]
 11425 | Lair:1   | Gained mutation: You are weak. (Str -2) [Xom's mischief]
 11425 | Lair:1   | Gained mutation: Armour fits poorly on your strangely
                  | shaped body. [Xom's mischief]
 11425 | Lair:1   | Lost mutation: You are dopey. (Int -2) [Xom's mischief]
 11686 | Lair:1   | XOM: confusion
 11694 | Lair:1   | XOM: polymorph hippogriff -> elephant
 11696 | Lair:1   | XOM: polymorph elephant -> merfolk
 11777 | Lair:1   | Noticed an eight-headed hydra
 11784 | Lair:1   | Killed a ten-headed hydra
 11784 | Lair:1   | Reached skill level 5 in Evocations
 12082 | Lair:1   | XOM: torment (57/111 hp)
 12099 | Lair:1   | XOM: noise
 12176 | Lair:1   | XOM: give mutations
 12176 | Lair:1   | Gained mutation: You are somewhat resistant to further
                  | mutation. [Xom's mischief]
 12176 | Lair:1   | Gained mutation: You possess an exceptional clarity of
                  | mind. [Xom's mischief]
 12176 | Lair:1   | Lost mutation: You are agile. (Dex +2) [Xom's mischief]
 12176 | Lair:1   | Lost mutation: You are frail. (-10% HP) [Xom's mischief]
 12236 | Lair:2   | Noticed a catoblepas
 12246 | Lair:2   | Killed a catoblepas
 12306 | Lair:2   | XOM: enchant monster (bad)
 12308 | Lair:2   | XOM: silly message
 12685 | Lair:2   | XOM: cast spell 'Chain of Chaos'
 12692 | Lair:2   | XOM: fog
 12695 | Lair:2   | Reached skill level 15 in Unarmed Combat
 12816 | Lair:2   | Reached XP level 13. HP: 131/131 MP: 15/15
 13187 | Lair:2   | XOM: give mutation
 13187 | Lair:2   | Gained mutation: You are agile. (Dex +2) [Xom's grace]
 13328 | Lair:2   | XOM: scenery: create altars
 13339 | Lair:2   | XOM: god gift: scroll of blinking
 13470 | Lair:3   | XOM: god gift: fine amber ring {god gift}
 13471 | Lair:3   | Got a fine amber ring {god gift}
 13472 | Lair:3   | Identified the ring "Weon" {*Corrode +Blink rPois rN+++
                  | Int-5} (Xom gifted it to you on level 3 of the Lair of
                  | Beasts)
 13501 | Lair:3   | XOM: summons 6 friendly demons
 13546 | Lair:3   | XOM: summons 1 hostile demon
 13642 | Lair:3   | XOM: god gift: 20 gold pieces
 13676 | Lair:3   | XOM is BORED!
 13676 | Lair:3   | XOM: draining
 13751 | Lair:3   | Noticed Prince Ribbit
 13752 | Lair:3   | XOM: summons 12 friendly demons
 13757 | Lair:3   | Found a hole to the Spider Nest.
 13780 | Lair:3   | Killed Prince Ribbit
 13798 | Lair:3   | XOM: enchant monster (good)
 13800 | Lair:3   | XOM: enchant monster (good)
 13839 | Lair:3   | XOM: god gift: 12 sling bullets
 14138 | Lair:3   | Reached skill level 10 in Fighting
 14146 | Lair:3   | XOM: polymorph yak -> raiju
 14243 | Lair:3   | HP: 4/133 [12-headed hydra (11)]
 14244 | Lair:3   | Slain by a 13-headed hydra

Illustrated notes

Levels and vault maps discovered:
D:1:      tarquinn_simple_flora_water_d, layout_loops_ring
D:2:      layout_loops_ring, minmay_shallow_snake_nest, uniq_robin
D:3:      layout_basic, minitemple
D:4:      layout_cave_pools, temple_fountains, serial_shops, nicolae_shop_trees,
          uniq_sigmund, uniq_menkaure
D:5:      cheibrodos_fzero, layout_basic, first_ration
D:6:      layout_rooms, lemuel_round_altar, serial_shops,
          nicolae_shop_statue_plus, grunt_ministairs_13
D:7:      lemuel_bear_cage, layout_basic, enter_ossuary_2
D:8:      layout_layer_cave, enter_bailey_3, the_bakery,
          minmay_fractal_squares_diagonal_5
D:9:      layout_cave_pods, erik_lair_orcish_takeover, serial_shops, shop,
          tgw_trog, uniq_maurice, uniq_maggie
D:10:     layout_loops_ring, orc_david_3, serial_shops, shop,
          hangedman_abyss_or_decor_stagger, wad_mini_maze
D:11:     layout_loops_ring, serial_shops, nicolae_shop_crystal,
          kennysheep_mini_moat, shop, shop, shop, serial_ice, serial_ice_i,
          serial_ice_m, serial_ice_n, serial_ice_e, serial_ice_g, serial_ice_d,
          serial_ice_c, serial_ice_b, serial_ice_a, serial_ice_h
Lair:1:   layout_hall_layers, infiniplex_staircase_pool_2, uniq_urug
Lair:2:   layout_gridlike, st_stairs_6, serial_bayou_shore_a, grunt_megastairs_3
Lair:3:   layout_chaotic_city, dummy_spider_entry, st_stairs_12,
          nzn_random_ring, uniq_sonja, uniq_prince_ribbit2

Skill      XL: |  1  2  3  4  5  6  7  8  9 10 11 12 13 |
---------------+----------------------------------------+-----
Unarmed Combat | 4 5 6 8 9 11 12 13 15 | 15.6
Fighting       | 3 4 5 6 7 8 9 10 | 10.0
Shields        | 1 3 4 5 7 8 |  8.7
Evocations     | 1 3 5 |  5.0
Dodging        | |  1.9

Action                   |  1- 3 |  4- 6 |  7- 9 | 10-12 | 13-15 || total
-------------------------+-------+-------+-------+-------+-------++-------
Melee: Unarmed           |   120 |   139 |   346 |   584 |   158 ||  1347
       Punch             |     1 |     3 |     1 |       |       ||     5
       Kick              |       |     2 |    98 |   195 |    63 ||   358
Throw: Dart              |       |       |       |    18 |     1 ||    19
       Javelin           |       |       |       |     7 |       ||     7
Evoke: Wand              |       |       |       |    10 |     2 ||    12
  Use: Scroll            |       |     8 |    15 |     5 |     1 ||    29
       Potion            |       |       |       |     4 |       ||     4
 Stab: Sleeping          |       |     3 |       |       |       ||     3
       Confused          |       |     1 |       |     2 |       ||     3
       Invisible         |       |       |     1 |       |       ||     1
       Paralysed         |       |       |       |     4 |       ||     4
       Distracted        |       |       |       |       |     1 ||     1
  Eat: Chunk             |    15 |    17 |    31 |    60 |    13 ||   136
Armor: Robe              |    45 |    34 |    67 |     7 |       ||   153
       Acid dragon scale |       |       |       |    97 |    22 ||   119
Dodge: Dodged            |    53 |    80 |    51 |    81 |    23 ||   288
       Repelled          |       |     1 |     3 |     3 |       ||     7
Block: Tower shield      |       |       |   306 |   446 |   102 ||   854
       Reflection        |       |       |    15 |    23 |       ||    38

Table legend:
 A = Non-vault XP
 B = Vault XP
 C = Vault XP percentage of total XP
 D = Non-vault monster count
 E = Vault monster count
 F = Vault count percentage of total count
                 A         B        C        D         E       F
            +---------+---------+-------+---------+---------+-------
      Total |   35056 |   13282 |  27.5 |     336 |     108 |  24.3
            +---------+---------+-------+---------+---------+-------
        D:1 |      25 |       8 |  24.2 |      15 |       4 |  21.1
        D:2 |      76 |      38 |  33.3 |      13 |       7 |  35.0
        D:3 |     189 |       0 |   0.0 |      25 |       0 |   0.0
        D:4 |     473 |     377 |  44.4 |      20 |       2 |   9.1
        D:5 |     705 |     338 |  32.4 |      14 |      12 |  46.2
        D:6 |    1226 |       2 |   0.2 |      32 |       1 |   3.0
        D:7 |     794 |       0 |   0.0 |      27 |       0 |   0.0
        D:8 |     893 |    1159 |  56.5 |      19 |      12 |  38.7
        D:9 |    1976 |    1612 |  44.9 |      19 |      17 |  47.2
       D:10 |    1084 |    1237 |  53.3 |      21 |       8 |  27.6
       D:11 |    6281 |    3051 |  32.7 |      50 |      17 |  25.4
     Lair:1 |    9576 |     807 |   7.8 |      35 |       1 |   2.8
     Lair:2 |    4884 |     262 |   5.1 |      23 |       2 |   8.0
     Lair:3 |    6874 |    1938 |  22.0 |      23 |       5 |  17.9
    Ossuary |       0 |     157 | 100.0 |       0 |      16 | 100.0
     Bailey |       0 |    2296 | 100.0 |       0 |       4 | 100.0
            +---------+---------+-------+---------+---------+-------
